 Dungeon Sprint DCSS version 0.21.2 (webtiles) character file.

1945 Fang the Fighter (level 9, -4/99 HPs)
             Began as a Gargoyle Berserker on Dec 21, 2018.
             Was a High Priest of Trog.
             Slain by a shadow wraith (6 damage)
             ... in the Dungeon (Sprint VII: "The Pits").
             The game lasted 00:01:56 (868 turns).

Fang the Fighter (Gargoyle Berserker)                Turns: 868, Time: 00:01:57

Health: -4/99      AC: 23    Str: 29    XL:     9   Next: 18%
Magic:  9/9        EV: 11    Int: 11    God:    Trog [*****.]
Gold:   0          SH:  0    Dex: 12    Spells: 8/8 levels left

rFire    . . .     SeeInvis .   t - +2 war axe (chop)
rCold    . . .     Gourm    .   (no shield)
rNeg     + . .     Faith    .   u - +3 plate armour
rPois    ∞         Spirit   .   (no helmet)
rElec    +         Reflect  .   (no cloak)
rCorr    .         Harm     .   (no gloves)
MR       .....     NoTele   +   (no boots)
Stlth    ..........             (no amulet)
HPRegen  0.26/turn              m - +3 ring of intelligence
MPRegen  0.11/turn              r - +3 ring of dexterity

@: berserking, slowed
A: negative energy resistance 1, electricity resistance, unbreathing,
petrification resistance, rot immunity, AC +6
a: Berserk, Trog's Hand, Brothers in Arms, Burn Spellbooks, Renounce Religion


You were in the Dungeon.
You worshipped Trog.
Trog was extremely pleased with you.
You were very hungry.

You visited 1 branch

Inventory:

Hand Weapons
 n - a +2 hand axe of freezing
 t - a +2 war axe of chopping (weapon)
Armour
 u - a +3 plate armour (worn)
Jewellery
 m - a +3 ring of intelligence (left hand)
 r - a +3 ring of dexterity (right hand)
Scrolls
 i - a scroll of blinking
 k - 3 scrolls of remove curse
 l - a scroll of summoning
Potions
 a - 2 potions of invisibility
 d - 9 potions of curing
 e - 8 potions of heal wounds
 f - 2 potions of haste
 g - 4 potions of magic
 h - 4 potions of berserk rage
 p - a potion of mutation {unknown}
 q - a potion of agility
 s - a potion of brilliance
Comestibles
 c - 9 rations


   Skills:
 + Level 12.5 Fighting
 + Level 12.0 Axes
 + Level 8.0 Armour
 + Level 7.0 Dodging


You had 8 spell levels left.
You didn't know any spells.

Dungeon Overview and Level Annotations

Branches:
Dungeon (1/1)

Altars:
Ashenzari
Cheibriados
Dithmenos
Elyvilon
Fedhas
Gozag
Hepliaklqana
Kikubaaqudgha
Makhleb
Nemelex Xobeh
Okawaru
Qazlal
Ru
Sif Muna
Trog
Uskayaw
Vehumet
Wu Jian
Xom
Yredelemnul
Zin
The Shining One
Beogh
Jiyva
Lugonu

Annotations:
D Erica


Innate Abilities, Weirdness & Mutations

You are resistant to torment.
Your stone body is resilient. (AC +6)
You are immune to poison.
You resist negative energy. (rN+)
You are resistant to electric shocks. (rElec)
You can survive without breathing.
You are immune to petrification.
You are immune to rotting.


Message History

A red film seems to cover your vision as you go berserk!
You feel yourself moving faster!
You feel mighty!
You are feeling very hungry.
Something hits you.
* * * LOW HITPOINT WARNING * * *
Something drains your vigour!
You feel as though you will be slow longer.
Erica barely misses you. Something hits you!
* * * LOW HITPOINT WARNING * * *
Something drains your vigour!
You feel as though you will be slow longer.
You slash Erica!
Erica is almost dead.
You closely miss something. Erica barely misses you.
Something barely misses you.
Unknown command.
You closely miss Erica.
Erica is almost dead.
You hit something. Something hits you.
You die...

_...###########++######
###'##................#
))'.##......#..#......#
###.##................+
.....'................+
'#####......#..#......#
)#..##................#
.'..#####'#####''######
##'###.......##'@#
)...##.......##{@....+
....##.......##......+
'#####...<...##.....##
))[.##.......##...###
.)..##.......##..##
######.......##++#
.#..##########
.#.###########


You could see Erica.

Vanquished Creatures
  Josephine (D)
  A red devil (D)
  A wyvern (D)
  A hungry ghost (D)
  2 floating eyes (D)
  An ogre (D)
  Blork the orc (D)
  A gnoll sergeant (D)
  4 wights (D)
  A crimson imp (D)
  An iron imp (D)
  A worker ant (D)
  3 gnolls (D)
  A river rat (D)
  2 ufetubi (D)
  An ooze (D)
  A worm (D)
  A goblin (D)
  3 jackals (D)
  A ball python (D)
  A kobold (D)
30 creatures vanquished.

Notes
Turn   | Place    | Note
-------+----------+-------------------------------------------
     0 | D        | Fang the Gargoyle Berserker began the quest for the Orb.
     0 | D        | Reached XP level 1. HP: 14/14 MP: 1/1
   149 | D        | Reached ** piety under Trog
   149 | D        | Reached XP level 2. HP: 16/20 MP: 2/2
   210 | D        | Noticed a floating eye
   211 | D        | Noticed a floating eye
   211 | D        | Noticed Blork the orc
   213 | D        | Killed a floating eye
   213 | D        | Reached skill level 5 in Axes
   213 | D        | Reached XP level 3. HP: 28/28 MP: 3/3
   213 | D        | Reached XP level 4. HP: 34/34 MP: 4/4
   214 | D        | Killed a floating eye
   214 | D        | Reached *** piety under Trog
   214 | D        | Reached XP level 5. HP: 35/40 MP: 5/5
   219 | D        | Reached XP level 6. HP: 28/45 MP: 6/6
   229 | D        | Killed Blork the orc
   475 | D        | Reached **** piety under Trog
   502 | D        | Noticed a hungry ghost
   518 | D        | Reached ***** piety under Trog
   520 | D        | Killed a hungry ghost
   520 | D        | Reached skill level 10 in Fighting
   520 | D        | Reached skill level 5 in Armour
   520 | D        | Reached XP level 7. HP: 52/52 MP: 7/7
   521 | D        | Reached skill level 5 in Dodging
   547 | D        | Received a gift from Trog
   619 | D        | Noticed Josephine
   632 | D        | Killed Josephine
   632 | D        | Reached XP level 8. HP: 56/60 MP: 8/8
   674 | D        | Received a gift from Trog
   678 | D        | Noticed a wyvern
   678 | D        | Noticed a red devil
   686 | D        | Killed a wyvern
   686 | D        | Reached XP level 9. HP: 66/66 MP: 9/9
   695 | D        | Killed a red devil
   834 | D        | Found a bloodstained altar of Trog.
   834 | D        | Found a deep blue altar of Sif Muna.
   834 | D        | Found a viscous altar of Jiyva.
   834 | D        | Found a hazy altar of Hepliaklqana.
   834 | D        | Found an opulent altar of Gozag.
   835 | D        | Found a glowing golden altar of the Shining One.
   835 | D        | Found a glowing silver altar of Zin.
   835 | D        | Found a basalt altar of Yredelemnul.
   835 | D        | Found a shimmering altar of Xom.
   835 | D        | Found an ornate altar of the Wu Jian Council.
   835 | D        | Found a sacrificial altar of Ru.
   835 | D        | Found a stormy altar of Qazlal.
   835 | D        | Found an iron altar of Okawaru.
   835 | D        | Found a sparkling altar of Nemelex Xobeh.
   835 | D        | Found a burning altar of Makhleb.
   835 | D        | Found a blossoming altar of Fedhas.
   835 | D        | Found a white marble altar of Elyvilon.
   835 | D        | Found a shadowy altar of Dithmenos.
   835 | D        | Found a snail-covered altar of Cheibriados.
   836 | D        | Found a radiant altar of Vehumet.
   836 | D        | Found a corrupted altar of Lugonu.
   836 | D        | Found a roughly hewn altar of Beogh.
   837 | D        | Found a hide-covered altar of Uskayaw.
   837 | D        | Found an ancient bone altar of Kikubaaqudgha.
   837 | D        | Found a shattered altar of Ashenzari.
   858 | D        | Noticed Erica
   866 | D        | HP: 2/99 [something (15)]
   868 | D        | Slain by a shadow wraith

Skill      XL: |  1  2  3  4  5  6  7  8  9 |
---------------+----------------------------+-----
Axes           | 3 5 7 8 11 12 | 12.0
Fighting       | 4 7 8 10 11 12 | 12.5
Dodging        | 3 4 6 7 |  7.0
Armour         | 3 4 5 7 8 |  8.0

Action                   |  1- 3 |  4- 6 |  7- 9 || total
-------------------------+-------+-------+-------++-------
Melee: Hand axe          |    15 |    31 |    74 ||   120
       War axe           |       |       |     7 ||     7
Invok: Berserk           |       |     2 |     2 ||     4
  Eat: Chunk             |       |       |     3 ||     3
Armor: Animal skin       |     4 |     3 |       ||     7
       Scale mail        |       |     8 |    17 ||    25
       Plate armour      |       |       |     1 ||     1
Dodge: Dodged            |    14 |    16 |    33 ||    63
